 Dungeon Crawl Stone Soup version 0.28.0-53-g5a82cb258f (webtiles) character file.

Game seed: 866832925560865348

49 hawla the Firebug (level 3, -6/19 HPs)
             Began as a Deep Elf Fire Elementalist on May 27, 2022.
             Mangled by Sigmund
             ... wielding a +5 scythe of protection
              (13 damage)
             ... on level 2 of the Dungeon.
             The game lasted 00:03:08 (1033 turns).

hawla the Firebug (Deep Elf Fire Elementalist)      Turns: 1033, Time: 00:03:10

Health: -6/19      AC:  2    Str:  5    XL:     3   Next: 51%
Magic:  8/10       EV: 13    Int: 21    God:
Gold:   51         SH:  0    Dex: 15    Spells: 6/9 levels left

rFire   . . .      SeeInvis .   (no weapon)
rCold   . . .      Faith    .   (no shield)
rNeg    . . .      Spirit   .   a - +0 robe
rPois   .          Reflect  .   (no helmet)
rElec   .          Harm     .   (no cloak)
rCorr   .          Rampage  .   (no gloves)
Will    .....                   (no boots)
Stlth   ++........              (no amulet)
HPRegen 0.06/turn               (no ring)
MPRegen 0.12/turn               (no ring)

@: slowed, very slow
A: no striking features
a: no special abilities


You were on level 2 of the Dungeon.
You visited 1 branch of the dungeon, and saw 2 of its levels.

You collected 51 gold pieces.

Inventory:

Missiles
 b - 2 poisoned darts
 d - 4 boomerangs
Armour
 a - a +0 robe (worn)
Potions
 c - a potion of lignification


   Skills:
 + Level 2.7 Dodging
 + Level 2.9 Stealth
 + Level 3.6 Spellcasting
 + Level 1.3 Conjurations
 + Level 4.2 Fire Magic


You had 6 spell levels left.
You knew the following spells:

 Your Spells              Type           Power      Damage    Failure   Level
a - Foxfire               Conj/Fire      60%        2x1d7     4%          1
b - Scorch                Fire           42%        2d7       3%          2

Your spell library contained the following spells:

 Spells                   Type           Power      Damage    Failure   Level
 Conjure Flame            Conj/Fire      15%        6-21      12%         3
 Inner Flame              Hex/Fire       12%        N/A       16%         3
 Flame Wave               Conj/Fire      15%        2d6       36%         4


Dungeon Overview and Level Annotations

Branches:
Dungeon (2/15)

Altars:

Annotations:
D:2 Natasha, Sigmund


Message History

Sigmund is nearby!
Casting: Foxfire (safe; 4% risk of failure)
Confirm with . or Enter, or press ? or * to list all spells.
You conjure some foxfire!
Sigmund shouts!
Natasha, Servant of Life and Death comes into view.
Casting: Foxfire (safe; 4% risk of failure)
Confirm with . or Enter, or press ? or * to list all spells.
You conjure some foxfire!
The foxfire hits Sigmund but does no damage.
A giant cockroach comes into view.
The foxfire hits Sigmund but does no damage.
Unknown command.
Your foxfire dissipates!
Natasha stares at you and mumbles some strange words.
You feel yourself slow down.
Unknown command.
The foxfire hits Sigmund but does no damage.
Natasha casts a spell.
Sigmund mumbles some strange words.
Sigmund flickers and vanishes!
Deactivating autopickup; reactivate with Ctrl-A.
The crimson imp blinks!
A magic dart appears from out of thin air!
The magic dart hits you!
Natasha howls an incantation.
Natasha's front paws start to glow.
The giant cockroach barely misses you. Natasha claws you but does no damage.
The giant cockroach misses you. Natasha closely misses you. Something hits you.
Natasha mumbles some strange words.
The giant cockroach closely misses you.
Casting: Foxfire (safe; 4% risk of failure)
Confirm with . or Enter, or press ? or * to list all spells.
Flames lash the iron imp.
The iron imp completely resists.
The giant cockroach bites you.
Natasha mewls in sadness.
Something hits you!
Ouch! That really hurt!
You die...

.................#
..........####.### ......
..........####.# .......
#........#.....# .....####
#.########.##### .......!.
#.###### #.# #........
#.##...###.##############....§...
#.##.......>.....h...............
#.##).(.........@B....5..........
#.##...†....##.........##..†.....
#...........##.....5...##?.......
#####.....#.##.).......##........
#....<#.##.........##....?...
#####.....#.##.........#########.
..........#.##.........#
............##.........#
..........####.........#


You could see an iron imp (summoned), Natasha, a crimson imp (summoned) and a
giant cockroach.

Vanquished Creatures
  Terence (D:2)
  A bat (D:2)
  5 endoplasms
  2 giant cockroaches (D:2)
  3 jackals (D:1)
  A quokka (D:1)
  10 frilled lizards
23 creatures vanquished.

Vanquished Creatures (others)
  52 foxfires
  5 plants (D:1)
57 creatures vanquished.

Grand Total: 80 creatures vanquished

Notes
Turn   | Place    | Note
-------+----------+-------------------------------------------
     0 | D:1      | hawla the Deep Elf Fire Elementalist began the quest for
                  | the Orb.
     0 | D:1      | Reached XP level 1. HP: 10/10 MP: 6/6
   403 | D:1      | Reached XP level 2. HP: 15/15 MP: 2/8
   406 | D:1      | Learned a level 2 spell: Scorch
   912 | D:2      | Noticed Terence
   917 | D:2      | Killed Terence
   918 | D:2      | Reached skill level 4 in Fire Magic
   918 | D:2      | Reached XP level 3. HP: 19/19 MP: 1/10
  1020 | D:2      | Noticed Sigmund
  1021 | D:2      | Noticed Natasha
  1033 | D:2      | Mangled by Sigmund

Illustrated notes

Levels and vault maps discovered:
D:1:      amcnicky_arrival_double_pillar, layout_rooms, minmay_lizard_king
D:2:      layout_basic, minmay_rat_hole, uniq_sigmund, uniq_jessica,
          uniq_terence, uniq_natasha

Skill      XL: |  1  2 |
---------------+-------+-----
Fire Magic     | 4 |  4.2
Dodging        | |  2.7
Stealth        | |  2.9
Spellcasting   | |  3.6
Conjurations   | |  1.3

Action                   || total
-------------------------++-------
Melee: Unarmed           ||     2
 Cast: Foxfire           ||    29
       Scorch            ||     6
  Use: Scroll            ||     2
Armor: Robe              ||     3
Dodge: Dodged            ||    11
